 Dungeon Crawl Stone Soup version 0.19.0-19-g8c6edcc (webtiles) character file.

77200 JeffiDaFish the Basher (level 15, -4/99 HPs)
             Began as a Gargoyle Fighter on Nov 12, 2016.
             Was the Champion of Makhleb.
             Killed from afar by a fire giant (25 damage)
             ... with a fireball
             ... on level 15 of the Dungeon.
             The game lasted 01:02:41 (19021 turns).

JeffiDaFish the Basher (Gargoyle Fighter)          Turns: 19021, Time: 01:02:42

Health: -4/99      AC: 44    Str: 23    XL:     15   Next: 56%
Magic:  22/22      EV: 14    Int: 10    God:    Makhleb [******]
Gold:   1333       SH:  0    Dex: 13    Spells: 1 memorised, 23 levels left

rFire  . . .     SeeInvis .     K - +6 great mace (protect)
rCold  + . .     Gourm    +     y - +0 plate armour
rNeg   + . .     Faith    .     (shield currently unavailable)
rPois  ∞         Spirit   .     k - +1 hat
rElec  +         Reflect  .     x - +2 cloak
rCorr  .         Harm     .     H - +0 pair of gloves
MR     +....                    E - +2 pair of boots
Stlth  ..........               j - amulet of the gourmand
                                e - ring of Xiannop {Wiz rC+ Dex+2}
                                r - +4 ring of evasion

@: protection aura, very slightly contaminated, hasted, very quick
A: big wings, rugged brown scales 1, mutation resistance 1, negative energy
resistance 1, electricity resistance, unbreathing, petrification resistance, rot
immunity, AC +11
a: Fly, Minor Destruction, Lesser Servant of Makhleb, Major Destruction, Greater
Servant of Makhleb, Renounce Religion


You were on level 15 of the Dungeon.
You worshipped Makhleb.
Makhleb was exalted by your worship.
You were completely stuffed.

You visited 2 branches of the dungeon, and saw 21 of its levels.
You also visited: Ice Cave.

You collected 1333 gold pieces.

Inventory:

Hand Weapons
 K - a +6 great mace of protection (weapon)
Armour
 k - a +1 hat (worn)
 x - a +2 cloak (worn)
 y - a +0 plate armour (worn)
 E - a +2 pair of boots (worn)
 H - a +0 pair of gloves (worn)
Jewellery
 e - the ring of Xiannop (right hand) {Wiz rC+ Dex+2}
   (You found it in an ice cave)

   [ring of wizardry]

   It improves your spell success rate.
   It affects your dexterity (+2).
   It protects you from cold.
 j - an amulet of the gourmand (around neck)
 r - a +4 ring of evasion (left hand)
Scrolls
 a - 4 scrolls of fear
 b - 8 scrolls of teleportation
 c - 2 scrolls of recharging
 p - 2 scrolls of identify
 q - 2 scrolls of magic mapping
 t - 3 scrolls of remove curse
 A - 2 scrolls of summoning
 D - 2 scrolls of blinking
 J - a scroll of fog
Potions
 d - a potion of agility
 B - 7 potions of flight
 C - a potion of haste
 L - a potion of cure mutation
 M - 2 potions of brilliance
 P - a potion of cancellation
Books
 i - a Grand Grimoire

   Spells                             Type                      Level
   a - Monstrous Menagerie            Summoning                    7
   b - Summon Greater Demon           Summoning                    7
   c - Malign Gateway                 Summoning/Translocation      7
   d - Summon Horrible Things         Summoning                    8
 N - the Guide on Poison and Heat
   (You found it on level 15 of the Dungeon)

   Spells                             Type                      Level
   a - Throw Flame                    Conjuration/Fire             2
   b - Ignite Poison                  Fire/Transmutation/Poison    3
   c - Sticky Flame                   Conjuration/Fire             4
   d - Olgreb's Toxic Radiance        Poison                       4
   e - Ring of Flames                 Charms/Fire                  7
 O - a book of Flames

   Spells                             Type                      Level
   a - Flame Tongue                   Conjuration/Fire             1
   b - Throw Flame                    Conjuration/Fire             2
   c - Conjure Flame                  Conjuration/Fire             3
   d - Inner Flame                    Hexes/Fire                   3
   e - Sticky Flame                   Conjuration/Fire             4
   f - Fireball                       Conjuration/Fire             5
Comestibles
 f - 12 bread rations
 g - 2 beef jerkies
 h - 6 meat rations
 l - 10 slices of pizza
 m - 17 fruits
 u - 11 chunks of flesh
 F - 2 royal jellies


   Skills:
 * Level 12.9 Fighting
 * Level 14.1 Maces & Flails
 * Level 12.9 Armour
 + Level 5.9 Dodging
 - Level 1.9 Stealth
   Level 12.1 Shields
 + Level 5.2 Spellcasting
 + Level 6.7 Conjurations
 + Level 6.1 Fire Magic


You had 23 spell levels left.
You knew the following spells:

 Your Spells              Type           Power        Failure   Level  Hunger
a - Flame Tongue          Conj/Fire      ###..        7%          1    None


Dungeon Overview and Level Annotations

Branches:
Dungeon (15/15)            Temple (0/1) D:6            Lair (6/6) D:10
  Swamp (0/4) Lair:2        Snake (0/4) Lair:2        Slime (0/5) Lair:6
    Orc (0/2) D:11         Vaults (0/5) D:14         Depths (0/5) D:15

Altars:
Elyvilon
Hepliaklqana
Makhleb
Qazlal
Ru
Zin
The Shining One
Jiyva

Shops:
D:10 *

Annotations:
D:9 exclusion: orange crystal statue


Innate Abilities, Weirdness & Mutations

You are resistant to torment.
Your stone body is resilient. (AC +11)
You are immune to poison.
Your large and strong wings let you fly indefinitely.
You resist negative energy. (rN+)
You are resistant to electric shocks. (rElec)
You can survive without breathing.
You are immune to petrification.
You are immune to rotting.
You are partially covered in rugged brown scales. (AC +1, +3% HP)
You are somewhat resistant to further mutation.


Message History

The fire giant is lightly wounded.
The fire giant hits you but does no damage.
You bludgeon the fire giant!!
The fire giant is moderately wounded.
The fire giant points at you and mumbles some strange words.
The fireball explodes!
The fireball engulfs you!
* * * LOW HITPOINT WARNING * * *
The fireball engulfs the fire giant.
The fire giant resists.
You are too injured to fight recklessly!
You feel yourself speed up.
The fire giant shouts!
The fire giant hits you but does no damage.
You are very lightly contaminated with residual magic.
You bludgeon the fire giant!!
The fire giant is severely wounded.
You bludgeon the fire giant!!
The fire giant is almost dead.
The fire giant points at you and mumbles some strange words.
The fireball explodes!
The fireball engulfs you!
You die...

###.... . #........
....... #........
....... #........
....... #........
....... ###........
.......#######..........
...............#####....
........######.#)=)#....
.......@# #....#)}.#....
.......C# #.##.#.(.#.##'
#####.#.# #.#..##(##....
#.#.# #.#...8(8.....
#.#.. #.#...."..#... #
###.#.#..:((.:#.#.
........#######.#.
###.##..#####...#.
#...).......#.


You could see a fire giant.

Vanquished Creatures
  Rupert (D:14)
  Kirke (D:12)
  A frost giant (D:15)
  A reaper (IceCv)
  A catoblepas (Lair:6)
  4 hydras
  5 centaur warriors
  An ogre mage (D:14)
  A death yak (Lair:6)
  The ghost of jefus the Carver, a journeyman VSFi of Uskayaw (Lair:4)
  8 skeletal warriors (D:14)
  A wizard (D:15)
  7 hill giants
  2 orc knights
  9 ugly things
  2 deep elf magi
  11 cyclopes
  4 elephants (Lair:6)
  2 ice statues (IceCv)
  A torpor snail (Lair:6)
  Psyche (D:10)
  2 black mambas
  15 spiny frogs
  An efreet (D:14)
  A rime drake (Lair:2)
  7 komodo dragons
  A kobold demonologist (D:12)
  A komodo dragon (shapeshifter) (D:15)
  2 yaktaurs (D:15)
  7 ice devils
  A polar bear (Lair:6)
  2 hornets
  A troll (D:13)
  A polar bear (shapeshifter) (D:15)
  16 blink frogs
  5 dream sheep (Lair:5)
  2 meliai zombies
  11 hippogriffs
  2 vampires
  16 humans (D:14)
  3 shadows
  3 wraiths
  3 wyverns
  A fire elemental (Lair:6)
  37 yaks
  Grum (Lair:1)
  A hog (D:12)
  2 basilisks
  2 hungry ghosts
  3 steam dragons
  3 nagas (Lair:2)
  4 swamp worms (Lair:2)
  Edmund (D:6)
  7 water moccasins
  3 porcupines
  10 orc warriors
  6 ice beasts
  2 necrophages
  A phantom (D:5)
  4 sky beasts
  25 wolves
  A tengu (shapeshifter) (D:14)
  3 ogres
  12 centaurs
  13 crocodiles
  A crocodile (shapeshifter) (D:15)
  22 bullfrogs
  3 big kobolds
  2 wyvern zombies
  A water moccasin skeleton (D:12)
  6 scorpions
  4 wights (D:7)
  10 killer bees
  5 electric eels
  2 howler monkeys
  3 centaur zombies
  8 crimson imps
  2 quasits
  4 centaur skeletons
  8 hounds
  3 jellies
  A gnoll shaman (D:7)
  2 bullfrog skeletons
  8 orc priests
  10 orc wizards
  2 iguanas
  Natasha (D:3)
  7 worker ants
  2 hound zombies
  A worker ant zombie (D:11)
  17 adders
  4 gnolls (D:7)
  A howler monkey skeleton (D:7)
  3 river rats (Lair:2)
  2 shadow imps
  7 white imps (IceCv)
  11 ufetubi (IceCv)
  An ooze (D:2)
  An adder zombie (D:6)
  7 worms
  3 dart slugs
  5 leopard geckos
  34 orcs
  9 bats
  5 giant cockroaches
  5 goblins
  6 hobgoblins
  4 jackals (D:6)
  5 quokkas
  2 ball pythons
  A frilled lizard (D:2)
  2 jackal skeletons
  A jackal zombie (D:5)
  15 kobolds
  2 quokka skeletons
  A quokka zombie (D:3)
  5 rats
587 creatures vanquished.

Vanquished Creatures (collateral kills)
  A human (D:8)
1 creature vanquished.

Vanquished Creatures (others)
  A frost giant (D:15)
  An unseen horror (D:15)
  2 humans (D:12)
  A bullfrog (D:12)
  A white imp (IceCv)
  4 ufetubi (IceCv)
  A fire vortex (Lair:6)
  A fungus (Lair:5)
  2 plants (Lair:6)
14 creatures vanquished.

Grand Total: 602 creatures vanquished

Notes
Turn   | Place    | Note
-------+----------+-------------------------------------------
     0 | D:1      | JeffiDaFish the Gargoyle Fighter began the quest for the Orb.
     0 | D:1      | Reached XP level 1. HP: 14/14 MP: 1/1
   229 | D:1      | Reached XP level 2. HP: 19/19 MP: 2/2
   426 | D:2      | Reached XP level 3. HP: 19/23 MP: 3/3
   920 | D:2      | Reached XP level 4. HP: 22/28 MP: 4/4
  1103 | D:2      | Reached skill level 3 in Maces & Flails
  1432 | D:3      | Found a faded altar of an unknown god.
  1535 | D:3      | Noticed Natasha
  1541 | D:3      | Killed Natasha
  1541 | D:3      | Reached XP level 5. HP: 28/33 MP: 5/5
  2033 | D:4      | Reached skill level 4 in Maces & Flails
  2039 | D:4      | Found a stormy altar of Qazlal.
  2222 | D:4      | Reached XP level 6. HP: 38/38 MP: 6/6
  2597 | D:5      | Entered Level 5 of the Dungeon
  2703 | D:5      | Reached skill level 1 in Dodging
  2772 | D:5      | Reached XP level 7. HP: 10/43 MP: 7/7
  3002 | D:5      | Reached skill level 5 in Shields
  3095 | D:5      | Reached skill level 5 in Maces & Flails
  3396 | D:6      | Noticed Edmund
  3405 | D:6      | Killed Edmund
  3405 | D:6      | Reached skill level 6 in Maces & Flails
  3405 | D:6      | Reached skill level 5 in Armour
  3405 | D:6      | Reached XP level 8. HP: 43/48 MP: 8/8
  3515 | D:6      | Reached skill level 5 in Fighting
  3529 | D:6      | Found a burning altar of Makhleb.
  3529 | D:6      | Noticed a balrug
  3536 | D:6      | Noticed a ynoxinul
  3538 | D:6      | Became a worshipper of Makhleb the Destroyer
  3856 | D:6      | Found a staircase to the Ecumenical Temple.
  3995 | D:7      | Found a glowing golden altar of the Shining One.
  4104 | D:7      | Noticed a hippogriff
  4114 | D:7      | Killed a hippogriff
  4114 | D:7      | Reached skill level 7 in Maces & Flails
  4176 | D:7      | Reached * piety under Makhleb
  4373 | D:7      | Reached XP level 9. HP: 54/54 MP: 9/9
  4696 | D:7      | Reached skill level 8 in Maces & Flails
  5332 | D:8      | Reached skill level 1 in Stealth
  5518 | D:8      | Reached ** piety under Makhleb
  5848 | D:9      | Found a sacrificial altar of Ru.
  5998 | D:9      | Reached XP level 10. HP: 58/60 MP: 10/10
  6094 | D:9      | Reached skill level 9 in Maces & Flails
  6230 | D:9      | Noticed an orange crystal statue
  6430 | D:9      | Found a hazy altar of Hepliaklqana.
  6748 | D:10     | Entered Level 10 of the Dungeon
  6751 | D:10     | Noticed Psyche
  6768 | D:10     | Killed Psyche
  6886 | D:10     | Reached skill level 10 in Maces & Flails
  7000 | D:10     | Found Wuharet's Changing Room.
  7101 | D:10     | Found a staircase to the Lair.
  7213 | D:10     | Reached *** piety under Makhleb
  7654 | Lair:1   | Entered Level 1 of the Lair of Beasts
  7931 | Lair:1   | Reached XP level 11. HP: 67/67 MP: 11/11
  8404 | Lair:1   | Noticed Grum
  8441 | Lair:1   | Killed Grum
  8441 | Lair:1   | Reached skill level 10 in Shields
  8457 | Lair:1   | Reached skill level 11 in Maces & Flails
  9071 | Lair:2   | Found a staircase to the Snake Pit.
  9337 | Lair:2   | Reached **** piety under Makhleb
  9414 | Lair:2   | Gained mutation: You are partially covered in rugged brown scales. (AC +1, +3% HP) [potion of mutation]
  9414 | Lair:2   | Gained mutation: You are somewhat resistant to further mutation. [potion of mutation]
  9697 | Lair:2   | Reached XP level 12. HP: 23/77 MP: 12/12
 10227 | Lair:2   | Found a staircase to the Swamp.
 10642 | Lair:3   | Found a stormy altar of Qazlal.
 10659 | Lair:3   | Reached skill level 12 in Maces & Flails
 10853 | Lair:3   | Learned a level 1 spell: Flame Tongue
 11256 | Lair:4   | Noticed an eight-headed hydra
 11348 | Lair:3   | Killed an eight-headed hydra
 11392 | Lair:4   | Reached skill level 1 in Spellcasting
 11453 | Lair:4   | Noticed jefus's ghost (journeyman VSFi)
 11471 | Lair:4   | Killed jefus's ghost
 11471 | Lair:4   | Reached skill level 1 in Fire Magic
 11475 | Lair:4   | Reached skill level 1 in Conjurations
 11528 | Lair:4   | Reached ***** piety under Makhleb
 11720 | Lair:4   | Found a frozen archway.
 11834 | IceCv    | Entered an ice cave
 12132 | IceCv    | Reached skill level 10 in Armour
 12141 | IceCv    | Reached XP level 13. HP: 83/83 MP: 16/16
 12148 | IceCv    | Noticed a reaper
 12185 | IceCv    | Killed a reaper
 12188 | IceCv    | Got a translucent lead ring
 12193 | IceCv    | Got a shimmering great mace
 12199 | IceCv    | Identified the +3 great mace of Zeprodda {pain, *Rage rF+ Str+6 Int+3} (You found it in an ice cave)
 12213 | IceCv    | Identified the ring of Xiannop {Wiz rC+ Dex+2} (You found it in an ice cave)
 12834 | Lair:5   | Reached skill level 10 in Fighting
 13402 | Lair:6   | Entered Level 6 of the Lair of Beasts
 13932 | Lair:6   | Reached skill level 13 in Maces & Flails
 13949 | Lair:6   | Found a staircase to the Slime Pits.
 13951 | Lair:6   | Found a viscous altar of Jiyva.
 14725 | D:11     | Gained mutation: Your large and strong wings let you fly indefinitely. [Gargoyle growth]
 14725 | D:11     | Reached XP level 14. HP: 60/90 MP: 19/19
 14957 | D:11     | Reached ****** piety under Makhleb
 15088 | D:11     | Found a staircase to the Orcish Mines.
 15499 | D:12     | Reached skill level 5 in Conjurations
 15799 | D:12     | Noticed Kirke
 15821 | D:12     | Killed Kirke
 16627 | D:13     | Found a white marble altar of Elyvilon.
 16947 | D:14     | Reached skill level 5 in Dodging
 17033 | D:14     | Noticed Rupert
 17066 | D:14     | Killed Rupert
 17071 | D:14     | Reached skill level 5 in Fire Magic
 17165 | D:14     | Found a gate to the Vaults.
 17276 | D:14     | Identified the Papyrus of Mutagenic Augmentations
 17412 | D:14     | Reached XP level 15. HP: 88/98 MP: 21/21
 18000 | D:15     | Entered Level 15 of the Dungeon
 18033 | D:15     | Found a staircase to the Depths.
 18033 | D:15     | Noticed a fire giant
 18266 | D:15     | Found a glowing silver altar of Zin.
 18358 | D:15     | Reached skill level 5 in Spellcasting
 18359 | D:15     | Reached skill level 14 in Maces & Flails
 18797 | D:15     | Found a runed door.
 18803 | D:15     | Noticed a frost giant
 18803 | D:15     | Noticed a frost giant
 18813 | D:15     | Killed a frost giant
 18824 | D:15     | Killed a frost giant
 18861 | D:15     | Identified Judghima's Volume of Earthen Dislocation
 18864 | D:15     | Identified the Guide on Poison and Heat
 18867 | D:15     | Got a slimy iron ring
 18870 | D:15     | Got a bound pewter ring
 18871 | D:15     | Identified the ring "Funuigo" {rElec rC+ rN+ MP+9} (You found it on level 15 of the Dungeon)
 18872 | D:15     | Identified the ring "Tusejodgh" {Ice +Inv rN+++ Int+4 Dex-2} (You found it on level 15 of the Dungeon)
 19021 | D:15     | Killed from afar by a fire giant

Skill      XL: |  1  2  3  4  5  6  7  8  9 10 11 12 13 14 15 |
---------------+----------------------------------------------+-----
Shields        | 4 5 6 8 9 11 12 | 12.1
Maces & Flails | 3 4 6 7 8 10 11 12 13 14 | 14.1
Armour         | 4 5 6 7 8 10 11 12 | 12.9
Fighting       | 4 5 6 7 8 9 10 12 | 12.9
Dodging        | 1 2 3 4 5 |  5.9
Stealth        | 1 |  1.9
Spellcasting   | 2 3 4 5 |  5.2
Fire Magic     | 2 4 5 6 |  6.1
Conjurations   | 2 4 6 |  6.7

Action                   |  1- 3 |  4- 6 |  7- 9 | 10-12 | 13-15 || total
-------------------------+-------+-------+-------+-------+-------++-------
Melee: Flail             |    84 |   241 |   553 |  1230 |    35 ||  2143
       Great mace        |       |       |       |       |  1132 ||  1132
 Cast: Flame Tongue      |       |       |       |       |     1 ||     1
  Use: Scroll            |     7 |     2 |     5 |     7 |    13 ||    34
       Potion            |     5 |     4 |     3 |     6 |     9 ||    27
 Stab: Distracted        |       |       |     1 |       |       ||     1
       Paralysed         |       |       |     1 |       |       ||     1
  Eat: Chunk             |       |    19 |    21 |    31 |    26 ||    97
Armor: Scale mail        |    54 |   130 |       |       |       ||   184
       Chain mail        |       |    16 |   228 |       |       ||   244
       Plate armour      |       |       |   141 |   735 |   941 ||  1817
Dodge: Dodged            |    38 |    72 |   137 |   505 |   991 ||  1743
Block: Shield            |    60 |   139 |   307 |   843 |     7 ||  1356
